 Dungeon Crawl Stone Soup version 0.30-a0-585-g93115170b9 (webtiles) character file.

Game seed: 11894675318632354183

108 OTABOTABOTAB the Insei (level 4, 0/34 HPs)
             Began as a Gnoll Transmuter on Jan 3, 2023.
             Slain by Sigmund
             ... wielding a +2 scythe of venom
              (11 damage)
             ... on level 4 of the Dungeon.
             The game lasted 00:05:18 (2758 turns).

OTABOTABOTAB the Insei (Gnoll Transmuter)           Turns: 2758, Time: 00:05:19

Health: 0/34       AC:  8    Str: 11    XL:     4   Next: 87%
Magic:  7/11       EV: 13    Int: 13    God:
Gold:   47         SH:  0    Dex: 12    Spells: 5/13 levels left

rFire   + . .      SeeInvis .      - Unarmed
rCold   + . .      Faith    .    (no shield)
rNeg    . . .      Spirit   .    a - +0 robe
rPois   +          Reflect  .    (no helmet)
rElec   +          Harm     .    (no cloak)
rCorr   +          Rampage  .    m - +0 pair of gloves
Will    .....                    c - +0 pair of boots
Stlth   +                        (no amulet)
HPRegen 0.25/turn                X - ring of resist corrosion
MPRegen 0.12/turn                A - +4 ring of protection

@: confused, lethally poisoned (0 -> -17), resistant, hasted, very quick
A: fangs 1, strong nose, distributed training
a: no special abilities


You were on level 4 of the Dungeon.
You visited 1 branch of the dungeon, and saw 4 of its levels.

You collected 47 gold pieces.

Inventory:

Missiles
 q - 5 poisoned darts
 s - 9 stones (quivered)
Armour
 a - a +0 robe (worn)
 c - a +0 pair of boots (worn)
   (You found it on level 1 of the Dungeon)
 m - a +0 pair of gloves (worn)
   (You found it on level 2 of the Dungeon)
Jewellery
 A - a +4 ring of protection (right hand)
   (You found it on level 2 of the Dungeon)
 W - a ring of willpower
   (You found it on level 3 of the Dungeon)
 X - a ring of resist corrosion (left hand)
   (You found it on level 2 of the Dungeon)
Scrolls
 b - a scroll of blinking {unknown}
 d - a scroll of enchant armour {unknown}
 f - a scroll of brand weapon {unknown}
 i - a scroll of vulnerability {unknown}
 j - a scroll of silence {unknown}
 n - 2 scrolls of noise {unknown}
Potions
 o - a potion of attraction {!q}
 p - a potion of degeneration {!q}
 I - 2 potions of invisibility
 M - a potion of might
 P - 2 potions of lignification {!q}


   Skills:
 + Level 2.8 Fighting
 + Level 1.3 Short Blades
 + Level 1.3 Long Blades
 + Level 1.3 Axes
 + Level 1.3 Maces & Flails
 + Level 1.3 Polearms
 + Level 1.3 Staves
 + Level 1.3 Ranged Weapons
 + Level 1.3 Throwing
 + Level 1.3 Armour
 + Level 4.7 Dodging
 + Level 1.3 Stealth
 + Level 1.3 Shields
 + Level 6.6 Unarmed Combat
 + Level 5.1 Spellcasting
 + Level 1.0 Conjurations
 + Level 1.0 Hexes
 + Level 1.0 Summonings
 + Level 1.0 Necromancy
 + Level 1.0 Translocations
 + Level 3.9 Transmutations
 + Level 1.0 Fire Magic
 + Level 1.0 Ice Magic
 + Level 1.0 Air Magic
 + Level 1.0 Earth Magic
 + Level 1.0 Poison Magic
 + Level 1.4 Invocations
 + Level 1.3 Evocations


You had 5 spell levels left.
You knew the following spells:

 Your Spells              Type           Power      Damage    Failure   Level
a - Beastly Appendage     Tmut           26%        N/A       3%          1
b - Ice Form              Ice/Tmut       9%         N/A       54%         4
c - Spider Form           Tmut/Pois      9%         N/A       21%         3

Your spell library contained the following spells:

 Spells                   Type           Power      Damage    Failure   Level
 Wereblood                Tmut           13%        N/A       5%          2


Dungeon Overview and Level Annotations

Branches:
Dungeon (4/15)
 Temple: D:4-7

Altars:
Nemelex Xobeh

Annotations:
D:4 Sigmund


Innate Abilities, Weirdness & Mutations

You have very sharp teeth.
Your uncanny sense of smell can sniff out nearby items.
Your experience applies equally to all skills.


Message History

You see here a +0 spear.
You see here a +0 spear.
s - 9 stones Done exploring.
Done exploring.
MP restored: 11 Done exploring.
Done exploring.
Done exploring.
Done exploring.
Done exploring.
Okay, then.
Unknown command.
Adjust to which letter? (? for menu, Esc to quit)
r - 7 scrolls labelled ONNETW NUTO;
i - a scroll labelled MEAFUZ IKOE
As you read the scroll labelled ONNETW NUTO, it crumbles to dust.
It is a scroll of identify.
g - a potion of curing;
J - a potion of curing
As you read the scroll of identify {@r1}, it crumbles to dust.
p - a potion of degeneration
As you read the scroll of identify {@r1}, it crumbles to dust.
e - a potion of might;
M - a potion of might
As you read the scroll of identify {@r1}, it crumbles to dust.
l - 2 potions of invisibility;
I - 2 potions of invisibility
As you read the scroll of identify {@r1}, it crumbles to dust.
o - a potion of attraction
As you read the scroll of identify {@r1}, it crumbles to dust.
h - a potion of resistance;
R - a potion of resistance
As you read the scroll of identify {@r1}, it crumbles to dust.
k - a potion of haste;
H - a potion of haste Done exploring.
Done exploring.
Done exploring.
Okay, then.
Unknown command.
Done exploring.
Done exploring.
Done exploring.
(D) Dungeon
Where to? (Enter - D:3, ? - help)
There is a stone staircase leading down here.
You climb downwards.
Found a sparkling altar of Nemelex Xobeh.
There is a stone staircase leading up here.
Found an escape hatch in the ceiling.
Sigmund the Dreaded comes into view.
He is wielding a +2 scythe of venom.
Sigmund shouts!
The spell is quite dangerous to miscast (21% risk of failure)!
Continue anyway?
You miscast Spider Form.
You are very lightly contaminated with residual magic.
Nothing appears to happen.
Sigmund casts a spell.
Sigmund flickers and vanishes!
Deactivating autopickup; reactivate with Ctrl-A.
You now have 8/11 mp.
The spell is quite dangerous to miscast (21% risk of failure)!
Continue anyway?
You turn into a venomous arachnid creature.
Your +0 pair of gloves melds into your body.
Your +0 pair of boots melds into your body.
Your +0 robe melds into your body.
You are confused.
You now have 5/11 mp.
You bump into the rock wall.
You are more confused.
You feel better. Something barely misses you.
Your magical contamination has completely faded away.
Something hits you but does no damage.
You are poisoned.
Your transformation is almost over.
You feel very sick.
You take 3 damage, and have 31/34 hp.
You feel sick.
You take 2 damage, and have 29/34 hp.
You feel sick.
You feel sick.
You hear some strange, mumbled words.
You are confused.
You take 2 damage, and have 27/34 hp.
You feel sick.
You take 1 damage, and have 26/34 hp.
You feel sick. Something hits you but does no damage.
You are lethally poisoned!
You take 1 damage, and have 25/34 hp.
You're too confused to move!
You feel very sick.
You take 4 damage, and have 21/34 hp.
You feel protected.
You feel very sick. Something hits you but does no damage.
You are more poisoned.
You take 5 damage, and have 16/34 hp.
You feel yourself speed up.
Your transformation has ended.
Your +0 pair of gloves unmelds from your body.
Your +0 pair of boots unmelds from your body.
Your +0 robe unmelds from your body.
You feel very sick. Something hits you!
You die...

.......<......######
_...............#..#
.......####....#...##
.#.....#.##....#....#
#..............<..##
..##..............##
. ##.##...........##
................#
............@...#
#............{...##
..................#
.................##
............#
.............#
........##....#
....... ###.## ......
.#


There were no monsters in sight!

Vanquished Creatures
  A gnoll (D:1)
  4 adders
  An orc (D:3)
  5 ball pythons
  5 endoplasms
  3 giant cockroaches (D:1)
  7 goblins
  8 hobgoblins
  4 quokkas
  4 bats
  3 frilled lizards
  2 kobolds
  8 rats
55 creatures vanquished.

Notes
Turn   | Place    | Note
-------+----------+-------------------------------------------
     0 | D:1      | OTABOTABOTAB the Gnoll Transmuter began the quest for the
                  | Orb.
     0 | D:1      | Reached XP level 1. HP: 17/17 MP: 6/6
   169 | D:1      | Reached XP level 2. HP: 22/23 MP: 5/7
   529 | D:1      | HP: 2/23 [quokka (5)]
   532 | D:1      | Reached skill level 5 in Spellcasting
   532 | D:1      | Reached XP level 3. HP: 3/28 MP: 7/9
   657 | D:1      | Learned a level 3 spell: Spider Form
   663 | D:1      | Reached skill level 1 in Invocations
  1395 | D:2      | Reached skill level 1 in Short Blades
  1395 | D:2      | Reached skill level 1 in Long Blades
  1395 | D:2      | Reached skill level 1 in Axes
  1395 | D:2      | Reached skill level 1 in Maces & Flails
  1395 | D:2      | Reached skill level 1 in Polearms
  1395 | D:2      | Reached skill level 1 in Staves
  1395 | D:2      | Reached skill level 1 in Ranged Weapons
  1395 | D:2      | Reached skill level 1 in Throwing
  1395 | D:2      | Reached skill level 1 in Armour
  1395 | D:2      | Reached skill level 1 in Stealth
  1395 | D:2      | Reached skill level 1 in Shields
  1395 | D:2      | Reached skill level 1 in Evocations
  1467 | D:2      | Reached XP level 4. HP: 23/34 MP: 6/11
  1710 | D:2      | Reached skill level 1 in Conjurations
  1710 | D:2      | Reached skill level 1 in Hexes
  1710 | D:2      | Reached skill level 1 in Summonings
  1710 | D:2      | Reached skill level 1 in Necromancy
  1710 | D:2      | Reached skill level 1 in Translocations
  1710 | D:2      | Reached skill level 1 in Fire Magic
  1710 | D:2      | Reached skill level 1 in Ice Magic
  1710 | D:2      | Reached skill level 1 in Air Magic
  1710 | D:2      | Reached skill level 1 in Earth Magic
  1710 | D:2      | Reached skill level 1 in Poison Magic
  1949 | D:2      | Learned a level 4 spell: Ice Form
  2072 | D:3      | Found a faded altar of an unknown god.
  2715 | D:4      | Found a sparkling altar of Nemelex Xobeh.
  2739 | D:4      | Noticed Sigmund
  2758 | D:4      | Slain by Sigmund

Illustrated notes

Levels and vault maps discovered:
D:1:      heliophobic_arrival_dark_side_of_the_moon, layout_basic
D:2:      layout_rooms
D:3:      layout_loops_cross, hellmonk_ecumenical_altar_blasted
D:4:      layout_cave_pools, lemuel_mausoleum_altar_yredelemnul,
          chequers_temple_overflow_minitemple, mainiacjoe_overflow_alcove_1,
          kennysheep_nondescript, grunt_decor_resistance, uniq_sigmund

Skill      XL: |  1  2  3  4 |
---------------+-------------+-----
Spellcasting   | 5 |  5.1
Invocations    | 1 |  1.4
Short Blades   | 1 |  1.3
Long Blades    | 1 |  1.3
Axes           | 1 |  1.3
Maces & Flails | 1 |  1.3
Polearms       | 1 |  1.3
Staves         | 1 |  1.3
Ranged Weapons | 1 |  1.3
Throwing       | 1 |  1.3
Armour         | 1 |  1.3
Stealth        | 1 |  1.3
Shields        | 1 |  1.3
Evocations     | 1 |  1.3
Conjurations   | 1 |  1.0
Hexes          | 1 |  1.0
Summonings     | 1 |  1.0
Necromancy     | 1 |  1.0
Translocations | 1 |  1.0
Fire Magic     | 1 |  1.0
Ice Magic      | 1 |  1.0
Air Magic      | 1 |  1.0
Earth Magic    | 1 |  1.0
Poison Magic   | 1 |  1.0
Fighting       | |  2.8
Dodging        | |  4.7
Unarmed Combat | |  6.6
Transmutations | |  3.9

Action                   |  1- 3 |  4- 6 || total
-------------------------+-------+-------++-------
Melee: Unarmed           |    68 |    34 ||   102
       Kick              |    17 |     2 ||    19
       Headbutt          |    10 |     1 ||    11
       Bite              |     5 |     1 ||     6
       Punch             |     1 |       ||     1
Throw: Stone             |    14 |    15 ||    29
 Cast: Beastly Appendage |    26 |     8 ||    34
       Spider Form       |       |     7 ||     7
 Abil: End Transformatio |    17 |    14 ||    31
  Use: Scroll            |       |     7 ||     7
       Potion            |       |     3 ||     3
Armor: Robe              |     8 |     2 ||    10
       Skin              |       |     4 ||     4
Dodge: Dodged            |    46 |    23 ||    69

Table legend: (Time is in decaauts)
 A = Elapsed time spent in this place.
 B = Non-inter-level travel time spent in this place.
 C = Inter-level travel time spent in this place.
 D = Time resting spent in this place.
 E = Time spent auto-exploring this place.
 F = Levels seen in this place.
 G = Mean time per level.
                   A        B        C        D        E       F      G
               +--------+--------+--------+--------+--------+-----+--------+
         Total |   2745 |   2665 |     80 |     98 |   2155 |   4 |  686.2 |
       Dungeon |   2745 |   2665 |     80 |     98 |   2155 |   4 |  686.2 |
               +--------+--------+--------+--------+--------+-----+--------+

Top non-repeatable levels by time:
     D:1: 1381 daAuts
     D:3: 737 daAuts
     D:2: 583 daAuts
     D:4: 42 daAuts

Table legend:
 A = Kills in this place as a percentage of kills in entire the game.
 B = Kills by you in this place as a percentage of kills by you in the entire game.
 C = Kills by friends in this place as a percentage of kills by friends in the entire game.
 D = Other kills in this place as a percentage of other kills in the entire game.
 E = Experience gained in this place as a percentage of experience gained in the entire game.
 F = Experience gained in this place divided by the number of levels of this place that you have seen.
                   A       B       C       D       E      F
               +-------+-------+-------+-------+-------+----------------------
         Total | 100.0 | 100.0 |   N/A |   N/A | 100.0 |  38.8
       Dungeon | 100.0 | 100.0 |   N/A |   N/A | 100.0 |  38.8
               +-------+-------+-------+-------+-------+----------------------
